[Event "Moscow Youth U19 2019"]
[Site "Moscow"]
[Date "2019.11.20"]
[Round "3.10"]
[White "Budnichenko, Vladimir"]
[Black "Beliuga, Mikhail"]
[Result "0-1"]
[ECO "B13"]
[WhiteElo "1489"]
[BlackElo "1816"]
[Annotator "NA"]
[PlyCount "82"]
[EventDate "2019.11.18"]
[EventType "swiss"]
[EventCountry "RUS"]
[SourceTitle "playchess.com"]
[Source "ChessBase"]
[SourceQuality "1"]
[TimeControl "5400+30"]

1. e4 c6 2. d4 d5 3. exd5 cxd5 4. Nf3 Nc6 5. Ne5 Nxe5 (5... Nf6 6. Bb5 Bd7 7. Nxd7 Qxd7 8. c3 e6 9. O-O Bd6 10. Nd2 Qc7 11. g3 h5 {½-½ (28) Shankland,S (2705)-Ding,L (2811) chess.com INT 2019}) 6. dxe5 {[%emt 0:00:00] B13: Caro-Kann: Exchange Variation and Panov-Botvinnik Attack} e6 7. Be3 Ne7 8. Bd3 Nc6 9. f4 Bd7 $146 ({Predecessor:} 9... Nb4 10. Be2 Be7 11. c3 Nc6 {½-½ (66) Ma,B (1985)-Kemeny,M (2011) Hamburg 2006}) 10. c3 Rb8 11. O-O Be7 12. Qh5 g6 13. Qh6 Bf8 14. Qh3 b6 15. Kh1 Bg7 16. Nd2 O-O 17. Nf3 Qe7 18. Ng5 h6 19. Nf3 b5 20. b4 Rfc8 21. Qg3 a6 22. h4 h5 23. Bc5 Qe8 24. a3 Bf8 25. Be3 a5 26. Qh3 Rc7 27. g4 hxg4 28. Qxg4 d4 29. Nxd4 Nxd4 30. Bxd4 axb4 31. axb4 f5 $2 (31... Bg7 32. Kh2 Qc8) 32. Qg3 $11 (32. exf6 $18 e5 33. Qg5 Bc6+ 34. Kh2) 32... Bc6+ 33. Kh2 Rh7 34. Rg1 Be7 35. Qxg6+ Qxg6 36. Rxg6+ Kf7 37. Bxf5 Rxh4+ 38. Kg3 Bd5 39. Rg4 exf5 40. Rxh4 Rg8+ 41. Kh2 Bxh4 0-1

[Event "Moscow Youth U19 2019"]
[Site "Moscow"]
[Date "2019.11.21"]
[Round "4.1"]
[White "Makarian, Rudik"]
[Black "Vetokhin, Savva"]
[Result "1/2-1/2"]
[ECO "A14"]
[WhiteElo "2405"]
[BlackElo "2081"]
[Annotator "ChessBase"]
[PlyCount "132"]
[EventDate "2019.11.18"]
[EventType "swiss"]
[EventCountry "RUS"]
[SourceTitle "playchess.com"]
[Source "ChessBase"]
[SourceQuality "1"]
[TimeControl "5400+30"]

1. Nf3 Nf6 2. c4 e6 3. b3 c5 4. Bb2 Be7 5. g3 O-O 6. Bg2 Nc6 7. O-O d5 8. Ne5 Nxe5 9. Bxe5 b6 10. Nc3 Bb7 11. Rc1 Qd7 12. cxd5 Nxd5 13. d3 Bd6 14. Bxd6 Qxd6 15. Nxd5 Bxd5 16. Bxd5 Qxd5 17. Qc2 Rfd8 18. Qc4 Rd7 19. Qxd5 Rxd5 20. Rc4 Kf8 21. Rfc1 Ke8 22. f4 Rad8 23. Kf2 Rd4 24. Ke3 Ke7 25. a3 R4d5 26. Ra4 R8d7 27. Rac4 Rd8 28. Kf3 f5 29. h3 h6 30. h4 h5 31. R1c2 Kf6 32. Ra4 R8d7 33. Ra6 e5 34. a4 R5d6 35. a5 Ke6 36. fxe5 Kxe5 37. Rc4 g6 38. axb6 axb6 39. b4 cxb4 40. Rxb4 Rb7 41. Rb5+ Kf6 42. Ra8 Rdd7 43. Rc8 Rd6 44. Kf4 Rd4+ 45. e4 Rxd3 46. Rc6+ Kf7 47. exf5 Rd4+ 48. Kg5 Rg4+ 49. Kh6 gxf5 50. Rxf5+ Ke8 51. Rc3 Rbg7 52. Rg5 R7xg5 53. hxg5 h4 54. gxh4 Rxh4+ 55. Kg7 Rg4 56. g6 Kd7 57. Rf3 Kc6 58. Rf5 b5 59. Kf6 b4 60. Rf3 Kc5 61. g7 Rxg7 62. Kxg7 Kc4 63. Kf6 b3 64. Ke5 b2 65. Rf1 Kc3 66. Ke4 Kc2 1/2-1/2

[Event "Moscow Youth U19 2019"]
[Site "Moscow"]
[Date "2019.11.21"]
[Round "4.2"]
[White "Usov, Aleksandr E."]
[Black "Pavlov, Danila"]
[Result "0-1"]
[ECO "C06"]
[WhiteElo "1930"]
[BlackElo "2369"]
[Annotator "ChessBase"]
[PlyCount "70"]
[EventDate "2019.11.18"]
[EventType "swiss"]
[EventCountry "RUS"]
[SourceTitle "playchess.com"]
[Source "ChessBase"]
[SourceQuality "1"]
[TimeControl "5400+30"]

1. e4 e6 2. d4 d5 3. Nd2 Nf6 4. e5 Nfd7 5. c3 c5 6. Bd3 Nc6 7. Ngf3 Qb6 8. O-O cxd4 9. cxd4 Nxd4 10. Nxd4 Qxd4 11. Nf3 Qb6 12. a3 Nc5 13. Bc2 a5 14. Rb1 a4 15. Be3 Bd7 16. Nd4 Rc8 17. Qe2 Be7 18. f4 g6 19. g4 Qa6 20. Qf3 h5 21. h3 hxg4 22. hxg4 Bb5 23. Rfc1 Kd7 24. Nxb5 Qxb5 25. Bd4 Nb3 26. Bxb3 axb3 27. Rc3 Rxc3 28. Bxc3 Qc4 29. Kg2 Bc5 30. Rd1 b6 31. Kg3 Kc7 32. Rc1 Kb7 33. Bd2 Qd4 34. Rd1 Qxb2 35. Bc3 Qh2# 0-1

[Event "Moscow Youth U19 2019"]
[Site "Moscow"]
[Date "2019.11.21"]
[Round "4.3"]
[White "Fedorov, Nikita"]
[Black "Yeritsyan, Aram"]
[Result "1-0"]
[ECO "A45"]
[WhiteElo "2133"]
[BlackElo "2276"]
[Annotator "ChessBase"]
[PlyCount "55"]
[EventDate "2019.11.18"]
[EventType "swiss"]
[EventCountry "RUS"]
[SourceTitle "playchess.com"]
[Source "ChessBase"]
[SourceQuality "1"]
[TimeControl "5400+30"]

1. d4 e6 2. Bf4 c5 3. e3 Nf6 4. c3 cxd4 5. cxd4 Bb4+ 6. Nd2 Ne4 7. Ngf3 g5 8. Bxb8 Nxd2 9. Nxd2 Rxb8 10. a3 Be7 11. Qh5 b5 12. Bd3 Qa5 13. Ke2 Bb7 14. Rhc1 h6 15. b4 Qb6 16. Be4 Bc8 17. Nf3 d6 18. Rc2 Bd7 19. Rac1 Qa6 20. Rc3 Kf8 21. Rc7 Be8 22. Bc6 Qxa3 23. Bxe8 Rxe8 24. Nxg5 Qb2+ 25. Kf3 Rh7 26. Nxh7+ Kg7 27. Nf6 Kxf6 28. Qxh6+ 1-0

[Event "Moscow Youth U19 2019"]
[Site "Moscow"]
[Date "2019.11.21"]
[Round "4.4"]
[White "Gurvich, Vitaly"]
[Black "Rysaev, Danial"]
[Result "1-0"]
[ECO "A50"]
[WhiteElo "2265"]
[BlackElo "2029"]
[Annotator "ChessBase"]
[PlyCount "117"]
[EventDate "2019.11.18"]
[EventType "swiss"]
[EventCountry "RUS"]
[SourceTitle "playchess.com"]
[Source "ChessBase"]
[SourceQuality "1"]
[TimeControl "5400+30"]

1. d4 Nf6 2. c4 b6 3. Nf3 Bb7 4. g3 Bxf3 5. exf3 e6 6. Bg2 Bb4+ 7. Nd2 Nc6 8. a3 Be7 9. Nb1 d5 10. Qa4 Qd7 11. cxd5 Nxd5 12. Nc3 Bf6 13. Nxd5 exd5 14. Bh3 Qxh3 15. Qxc6+ Ke7 16. Qxc7+ Qd7 17. Qxd7+ Kxd7 18. Be3 a5 19. Kd2 a4 20. Kd3 Rac8 21. Rhb1 Rc4 22. b3 axb3 23. Rxb3 Kc6 24. Rab1 Rb8 25. Rc3 Rxc3+ 26. Kxc3 Ra8 27. Kb3 Kb5 28. Ka2+ Kc6 29. Rc1+ Kd7 30. Kb3 Be7 31. a4 b5 32. axb5 Rb8 33. Ra1 Rxb5+ 34. Kc2 Rb7 35. Ra6 h5 36. h3 Rc7+ 37. Kd3 Rb7 38. Ra5 Ke6 39. g4 hxg4 40. hxg4 Rd7 41. Bf4 Bh4 42. Ra6+ Ke7 43. Be3 g5 44. f4 gxf4 45. Bxf4 Rb7 46. Bd6+ Kd7 47. f4 Rb3+ 48. Kc2 Rg3 49. g5 Rg2+ 50. Kd3 Rb2 51. Be5 Rb5 52. Rh6 Be1 53. f5 Bg3 54. Rh7 Bxe5 55. dxe5 Ke8 56. Kd4 Ra5 57. f6 Ra1 58. e6 fxe6 59. g6 1-0

[Event "Moscow Youth U19 2019"]
[Site "Moscow"]
[Date "2019.11.21"]
[Round "4.5"]
[White "Sekoyan, Vachagan"]
[Black "Gotsiuk, Denis"]
[Result "1/2-1/2"]
[ECO "D06"]
[WhiteElo "2084"]
[BlackElo "1976"]
[Annotator "NA"]
[PlyCount "33"]
[EventDate "2019.11.18"]
[EventType "swiss"]
[EventCountry "RUS"]
[SourceTitle "playchess.com"]
[Source "ChessBase"]
[SourceQuality "1"]
[TimeControl "5400+30"]

1. d4 d5 2. c4 c5 3. cxd5 Qxd5 4. Nf3 cxd4 5. Nc3 Qa5 6. Nxd4 Nf6 7. Bd2 Qd8 8. Nf3 Nc6 9. g3 e5 10. Bg2 Be7 11. O-O O-O 12. h3 h6 13. e4 Be6 14. Be3 Qxd1 15. Re1 $2 (15. Rfxd1 $11 Rfd8 16. Nh4) 15... Qxa1 16. Rxa1 Rfd8 17. Nd1 $19 1/2-1/2

[Event "Moscow Youth U19 2019"]
[Site "Moscow"]
[Date "2019.11.21"]
[Round "4.6"]
[White "Zavialov, Nikita A."]
[Black "Beliuga, Mikhail"]
[Result "0-1"]
[ECO "B01"]
[WhiteElo "2066"]
[BlackElo "1816"]
[Annotator "NA"]
[PlyCount "118"]
[EventDate "2019.11.18"]
[EventType "swiss"]
[EventCountry "RUS"]
[SourceTitle "playchess.com"]
[Source "ChessBase"]
[SourceQuality "1"]
[TimeControl "5400+30"]

1. e4 d5 2. exd5 Nf6 3. d4 Nxd5 4. g3 g6 5. Bg2 Bg7 6. Ne2 {[%emt 0:01:31] B01: Scandinavian Defence} Bg4 (6... O-O 7. O-O c6 8. Re1 Bf5 9. c3 Nd7 10. Nf4 Nxf4 11. Bxf4 e5 12. Be3 Nb6 13. Na3 exd4 14. cxd4 {0-1 (55) McPhillips,J (2191)-Smith,A (2449) Helsingor 2015}) 7. Nbc3 (7. c4 $14 Nb4 8. d5 (8. Bxb7 N8c6 $15)) 7... Nxc3 $146 ({Predecessor:} 7... c6 8. Nxd5 cxd5 9. c3 O-O 10. O-O Qd7 11. Bf4 Bh3 12. Qd3 Bxg2 13. Kxg2 Nc6 14. Qb5 b6 15. Nc1 Rac8 16. Nd3 Qf5 17. Nb4 {½-½ (17) Schuepferling,P (1488)-Rahn,M (1562) Schney 2013}) 8. bxc3 c6 9. h3 Bxe2 10. Qxe2 O-O 11. Rb1 Qc8 12. O-O Re8 13. Rd1 Nd7 14. c4 e6 15. Be3 Nb6 16. Rb3 Qc7 17. Rdb1 Rab8 18. Qd3 Nd7 19. d5 exd5 20. cxd5 Ne5 21. Qf1 cxd5 22. Bxa7 Rbd8 23. Bb6 Qxc2 24. Bxd8 Rxd8 25. a4 Nc4 26. Qd1 Qf5 27. Rxb7 d4 28. Rb8 Qd7 29. R1b7 Qd6 30. Qf3 Ne5 31. Qb3 Rxb8 32. Rxb8+ Bf8 33. Rb6 Qc7 34. Bf1 (34. Be4 $18) 34... d3 35. Rb5 d2 36. Qd1 Bh6 37. Be2 Nd7 38. a5 Be3 39. Kg2 Qc6+ 40. Kg1 Qc7 41. Kg2 Qc6+ 42. Kg1 Qc7 43. Kf1 Bh6 44. Rb1 Qxa5 45. Kg2 Qd5+ 46. Bf3 Qd4 47. Be2 Nc5 48. Rb8+ Kg7 49. Bf3 Nd3 50. Qf1 Ne1+ 51. Kh1 $19 Nxf3 52. Qd1 Qxf2 53. Qa1+ Nd4 54. Rb1 Be3 55. Qa5 Qf3+ 56. Kh2 Qe2+ 57. Kh1 d1=Q+ 58. Rxd1 Qxd1+ 59. Kg2 Qg1# 0-1

[Event "Moscow Youth U19 2019"]
[Site "Moscow"]
[Date "2019.11.21"]
[Round "4.7"]
[White "Buniatyan, David"]
[Black "Orlov, Aleksandr"]
[Result "0-1"]
[ECO "D02"]
[WhiteElo "1960"]
[BlackElo "1965"]
[Annotator "NA"]
[PlyCount "82"]
[EventDate "2019.11.18"]
[EventType "swiss"]
[EventCountry "RUS"]
[SourceTitle "playchess.com"]
[Source "ChessBase"]
[SourceQuality "1"]
[TimeControl "5400+30"]

1. d4 d5 2. Bf4 Nf6 3. e3 e6 4. Nf3 Bd6 5. Bg3 c5 6. c3 Qc7 7. Nbd2 O-O 8. Bd3 Nbd7 9. Qc2 {[%emt 0:17:31] D02: 1 d4 d5 2 Nf3 sidelines, including 2...Nf6 3 g3 and 2...Nf6 3 Bf4} e5 10. dxe5 Nxe5 11. Nxe5 Bxe5 12. Bh4 $146 ({Predecessor:} 12. Nf3 Bxg3 13. hxg3 h6 14. c4 Be6 15. O-O Rfd8 16. Rac1 Rac8 17. cxd5 Nxd5 {½-½ (36) Vachier Lagrave,M (2779)-Dominguez Perez,L (2739) chess.com INT 2018}) 12... h6 13. Nf3 Be6 14. O-O Nd7 15. Nxe5 Qxe5 16. f4 Qh5 17. Bg3 f5 18. c4 dxc4 19. Bxc4 Qf7 20. Bb5 Rac8 21. e4 fxe4 22. Qxe4 Nf6 23. Qc2 c4 24. Qe2 a6 25. Ba4 Bf5 26. Bc2 Rfe8 27. Qd1 Rcd8 28. Qb1 Bd3 29. Rd1 Qg6 30. Bxd3 cxd3 31. a4 Re2 32. Qa2+ Kh8 33. Qc4 Rxb2 34. Ra3 Ng4 35. Re1 Qb6+ 36. Kh1 d2 37. Rd1 Ne3 38. Rxe3 Qxe3 39. f5 {[%emt 0:00:11] [#]} Rb1 $1 40. Qf1 Rxd1 41. Qxd1 Rc8 0-1

[Event "Moscow Youth U19 2019"]
[Site "Moscow"]
[Date "2019.11.21"]
[Round "4.8"]
[White "Shlykov, Yaroslav"]
[Black "Miroshnik, Ekaterina"]
[Result "1-0"]
[ECO "E04"]
[WhiteElo "1623"]
[BlackElo "2127"]
[Annotator "ChessBase"]
[PlyCount "189"]
[EventDate "2019.11.18"]
[EventType "swiss"]
[EventCountry "RUS"]
[SourceTitle "playchess.com"]
[Source "ChessBase"]
[SourceQuality "1"]
[TimeControl "5400+30"]

1. d4 e6 2. c4 Nf6 3. Nf3 d5 4. g3 dxc4 5. Bg2 Bd7 6. Ne5 Bc6 7. Nxc6 Nxc6 8. Bxc6+ bxc6 9. Nc3 Bb4 10. O-O O-O 11. Bg5 Rb8 12. e4 Be7 13. Qd2 Qd7 14. Rad1 Rfd8 15. Qe2 h6 16. Bc1 Bf8 17. a3 c5 18. d5 e5 19. f4 exf4 20. gxf4 Rb6 21. e5 Re8 22. f5 Bd6 23. e6 fxe6 24. fxe6 Qe7 25. Qg2 Kh8 26. Ne4 Be5 27. Ng3 Bxg3 28. Qxg3 Rb3 29. Qe5 Rh3 30. Bf4 Rh5 31. Qe2 Rxd5 32. Rde1 Rf5 33. Qxc4 Nd5 34. Bg3 Rxf1+ 35. Qxf1 Qf6 36. Qg2 c6 37. Be5 Qg5 38. Qxg5 hxg5 39. Bd6 c4 40. Re4 c3 41. bxc3 Nxc3 42. Re5 Nb5 43. Bc5 Kg8 44. e7 Kf7 45. Rxg5 a5 46. Rg3 a4 47. Rg4 Nc3 48. Rc4 Nd5 49. Rxa4 Ke6 50. Re4+ Kf5 51. Re1 Nf6 52. Rd1 Nd5 53. a4 Ke6 54. Re1+ Kd7 55. Kf2 Nf6 56. Rd1+ Ke6 57. Kf3 Ra8 58. Rd8 Rxa4 59. e8=Q+ Nxe8 60. Rxe8+ Kf5 61. Rc8 Ra6 62. Bd4 Ra3+ 63. Be3 Rc3 64. Rc7 g6 65. Ke2 Rc2+ 66. Bd2 Kg4 67. Kd3 Rc5 68. Rg7 Rd5+ 69. Ke2 g5 70. Rg6 c5 71. Be3 Rf5 72. Rc6 Kh3 73. Rh6+ Kg4 74. h3+ Kg3 75. Rh5 Rf7 76. Bxg5 c4 77. h4 Kg4 78. Rh6 Rc7 79. Kd2 Rc8 80. Kc3 Rc7 81. Rd6 Kh5 82. Rd4 Rc6 83. Rxc4 Re6 84. Kd4 Ra6 85. Ke5 Ra5+ 86. Kf4 Ra1 87. Kf5 Rf1+ 88. Rf4 Rg1 89. Bf6 Rb1 90. Re4 Rb5+ 91. Re5 Rb1 92. Ke6+ Kh6 93. Kf7 Rb7+ 94. Be7 Rb1 95. Bf8+ 1-0

[Event "Moscow Youth U19 2019"]
[Site "Moscow"]
[Date "2019.11.21"]
[Round "4.9"]
[White "Kozhukhov, Alexandr"]
[Black "Nikolaev, Daniil"]
[Result "1-0"]
[ECO "E16"]
[WhiteElo "1627"]
[BlackElo "1867"]
[Annotator "NA"]
[PlyCount "71"]
[EventDate "2019.11.18"]
[EventType "swiss"]
[EventCountry "RUS"]
[SourceTitle "playchess.com"]
[Source "ChessBase"]
[SourceQuality "1"]
[TimeControl "5400+30"]

1. d4 Nf6 2. Nf3 e6 3. c4 b6 4. g3 Bb7 5. Bg2 Bb4+ 6. Bd2 Bxd2+ 7. Qxd2 O-O 8. Nc3 d6 9. O-O c5 {[%emt 0:05:49] E16: Queen's Indian: 4 g3 Bb7 5 Bg2 Bb4+} (9... Ne4 10. Nxe4 Bxe4 11. Nh4 {½-½ (11) Ortiz Suarez,I (2551)-Bruzon Batista,L (2643) Greensboro 2019}) 10. d5 e5 11. e4 Na6 $146 ({Predecessor:} 11... a6 12. a4 Nbd7 13. Ne1 Ne8 14. Nd3 Nc7 15. f4 Qe7 16. Bh3 f6 {0-1 (62) Morchiashvili,B (2322)-Hayrapetyan,H (2476) Poti 2016}) 12. Ne1 Nc7 13. a4 a6 14. Nd3 Qe8 15. f4 Ng4 $2 (15... Nd7 $16 16. b3 f6) 16. h3 Nh6 17. fxe5 dxe5 18. a5 Qe7 19. axb6 Ne8 20. Na4 Nd6 21. Rac1 f5 22. Naxc5 fxe4 23. Nxe4 Nhf5 24. Nxd6 Qxd6 25. c5 Qg6 26. g4 Nh4 27. Nxe5 Qe8 28. Rce1 Nxg2 29. Qxg2 Rxf1+ 30. Qxf1 Bxd5 31. c6 Qe7 32. Qf2 Qd6 33. b7 Rf8 34. Qxf8+ Kxf8 35. b8=Q+ Qxb8 36. Nd7+ $18 {[%emt 0:00:06] Double Attack} 1-0

[Event "Moscow Youth U19 2019"]
[Site "Moscow"]
[Date "2019.11.21"]
[Round "4.10"]
[White "Sauri, Georgy"]
[Black "Talyzin, Valeriy"]
[Result "0-1"]
[ECO "B06"]
[WhiteElo "1494"]
[BlackElo "1829"]
[Annotator "NA"]
[PlyCount "106"]
[EventDate "2019.11.18"]
[EventType "swiss"]
[EventCountry "RUS"]
[SourceTitle "playchess.com"]
[Source "ChessBase"]
[SourceQuality "1"]
[TimeControl "5400+30"]

1. e4 g6 2. d4 Bg7 3. Nf3 d6 4. Bc4 Nf6 5. Qe2 c6 6. c3 O-O 7. Bg5 {[%emt 0:00:26] B06: Modern Defence} (7. Nbd2 Qc7 8. O-O e5 9. dxe5 dxe5 10. Rd1 Nbd7 11. a4 h6 12. b4 Re8 13. Ba2 Nf8 14. Nc4 Be6 {½-½ (39) Hoang,T (2455)-Seres,L (2448) Budapest 2004}) 7... b5 $146 ({Predecessor:} 7... h6 8. Bf4 d5 9. exd5 Nxd5 10. Be5 Bg4 11. Bxd5 Qxd5 12. Nbd2 Bxe5 13. Qxe5 Nd7 14. Qxd5 cxd5 15. O-O Bxf3 16. Nxf3 e6 17. Rfe1 Rfc8 {½-½ (17) Bitowt,J (1822)-Starczewska,M (1817) Warsaw 2013}) 8. Bd3 Nbd7 9. O-O Rb8 10. b4 e5 11. Nbd2 h6 12. Bxf6 Bxf6 13. Rac1 Bg7 14. Rfd1 f5 15. Nf1 Qe7 16. Ne3 exd4 17. Nxd4 Bxd4 18. cxd4 fxe4 19. Bc2 d5 20. Bb3 Bb7 21. Qg4 Kh7 22. Qh3 Nf6 23. Ng4 Nxg4 24. Qxg4 Rf7 25. Rc3 Rbf8 26. Rf1 e3 27. Bc2 exf2+ $19 28. Kh1 Qg5 (28... Rg7 $19 {is more deadly.} 29. Bd3 Qxb4) 29. Qxg5 hxg5 30. Bd1 Re7 31. g3 Bc8 32. Kg2 Re1 33. g4 Rf4 34. Rd3 Ree4 35. Ra3 Rxd4 36. Rxa7+ Kh6 37. h3 Rf8 38. a3 Rdf4 39. Rc7 d4 40. Bc2 Be6 41. Kh2 Bc4 42. Rxc6 d3 43. Bb1 R4f6 44. Rxf6 Rxf6 45. Kg3 d2 46. a4 Bxf1 47. a5 Bc4 48. a6 Bd5 49. Bd3 f1=N+ 50. Bxf1 Rxf1 51. a7 d1=Q 52. a8=Q Qf3+ 53. Kh2 Rh1# 0-1

[Event "Moscow Youth U19 2019"]
[Site "Moscow"]
[Date "2019.11.22"]
[Round "5.1"]
[White "Pavlov, Danila"]
[Black "Makarian, Rudik"]
[Result "0-1"]
[ECO "C67"]
[WhiteElo "2369"]
[BlackElo "2405"]
[Annotator "NA"]
[PlyCount "164"]
[EventDate "2019.11.18"]
[EventType "swiss"]
[EventCountry "RUS"]
[SourceTitle "playchess.com"]
[Source "ChessBase"]
[SourceQuality "1"]
[TimeControl "5400+30"]

1. e4 e5 2. Nf3 Nc6 3. Bb5 Nf6 4. O-O Nxe4 5. d4 Nd6 6. Bxc6 dxc6 7. dxe5 Nf5 8. Qxd8+ Kxd8 9. Rd1+ Ke8 10. b3 Be7 11. Bb2 Nh4 12. Nxh4 Bxh4 13. Nd2 Be7 14. Nc4 Be6 15. Ne3 Bg5 16. Bd4 b6 17. b4 a5 18. a3 Ke7 19. Kf1 Rhd8 20. Ke2 Bxe3 21. Kxe3 Bf5 22. c4 Be6 23. c5 b5 24. Bc3 axb4 25. axb4 Rxd1 26. Rxd1 Bd5 27. g3 Ke6 28. Ra1 Ba2 29. Rd1 Ra3 30. Kd4 Bd5 31. Ra1 Ra4 32. h4 Bf3 33. Ke3 Bd5 34. Kd4 Bg2 35. Rg1 Bf3 36. Ra1 Bd5 37. Rd1 g6 38. Ra1 Bb3 39. Rb1 Ba2 40. Rd1 Ra8 41. Ke3 Bb3 42. Rb1 Bc2 43. Rc1 Bf5 44. Rd1 Bc2 45. Rc1 Ba4 46. Ke4 h5 47. Bd4 Rd8 48. Rc3 Bd1 49. Ra3 Bc2+ 50. Ke3 Kd5 51. Bb2 Bf5 52. Rc3 Ra8 53. Ba3 Kxe5 54. f3 Kd5 55. Kf4 Kd4 56. Re3 Kc4 57. g4 Bd3 58. Bc1 Ra2 59. Kg5 Rc2 60. Ba3 Rg2 61. Kf4 Ra2 62. Bc1 Rc2 63. Ba3 Rc3 64. Bb2 Rb3 65. Bf6 Rxb4 66. Kg5 hxg4 67. fxg4 Rb1 68. Re7 Kxc5 69. Rxc7 Rg1 70. Rxf7 Bf5 71. Be7+ Kd5 72. Rxf5+ gxf5 73. Kxf5 Rf1+ 74. Kg6 Ke6 75. Ba3 Rf4 76. Kg5 b4 77. Bb2 Rf2 78. Ba1 Kf7 79. h5 b3 80. h6 b2 81. h7 bxa1=Q 82. h8=Q Rf5+ 0-1

[Event "Moscow Youth U19 2019"]
[Site "Moscow"]
[Date "2019.11.22"]
[Round "5.2"]
[White "Vetokhin, Savva"]
[Black "Fedorov, Nikita"]
[Result "1-0"]
[ECO "B09"]
[WhiteElo "2081"]
[BlackElo "2133"]
[Annotator "NA"]
[PlyCount "109"]
[EventDate "2019.11.18"]
[EventType "swiss"]
[EventCountry "RUS"]
[SourceTitle "playchess.com"]
[Source "ChessBase"]
[SourceQuality "1"]
[TimeControl "5400+30"]

1. e4 d6 2. d4 Nf6 3. Nc3 g6 4. f4 Bg7 5. Bd3 O-O 6. Nf3 c6 7. O-O b5 8. e5 dxe5 9. dxe5 Nd5 10. Nxd5 Qxd5 11. Qe2 Qd8 12. Be4 Bg4 13. Rd1 Qc7 14. h3 Bxf3 15. Qxf3 e6 16. Be3 Rc8 17. Rd6 Bf8 18. Rad1 f5 19. Bd3 Bxd6 20. exd6 Qxd6 21. Bxf5 Qe7 22. Be4 Rd8 23. Re1 Nd7 24. Bxc6 Rac8 25. Re2 b4 26. Bxa7 Ne5 27. Rxe5 Qxa7+ 28. Kh2 Rd6 29. Be4 Rf8 30. h4 Qf7 31. g3 Rd2+ 32. Kh3 Qa7 33. h5 Qg1 34. hxg6 hxg6 35. Bxg6 Rh2+ 36. Kg4 Qa7 37. Rg5 Kh8 38. Qe4 Rg8 39. Qxe6 Rh6 40. Qe5+ Rg7 41. Bf5 Qf7 42. Qxg7+ Qxg7 43. Rxg7 Kxg7 44. Bd3 Re6 45. Kg5 Re1 46. f5 Rb1 47. f6+ Kf8 48. b3 Ra1 49. g4 Rxa2 50. Kg6 Ra5 51. g5 Re5 52. Kh6 Re1 53. g6 Rh1+ 54. Kg5 Rg1+ 55. Kf5 1-0

[Event "Moscow Youth U19 2019"]
[Site "Moscow"]
[Date "2019.11.22"]
[Round "5.3"]
[White "Beliuga, Mikhail"]
[Black "Gurvich, Vitaly"]
[Result "1/2-1/2"]
[ECO "B07"]
[WhiteElo "1816"]
[BlackElo "2265"]
[Annotator "NA"]
[PlyCount "127"]
[EventDate "2019.11.18"]
[EventType "swiss"]
[EventCountry "RUS"]
[SourceTitle "playchess.com"]
[Source "ChessBase"]
[SourceQuality "1"]
[TimeControl "5400+30"]

1. e4 d6 2. d4 Nf6 3. Nc3 e5 4. dxe5 dxe5 5. Qxd8+ Kxd8 6. Bc4 Ke8 7. f3 c6 8. Be3 Nbd7 9. Nge2 Bc5 10. Bxc5 Nxc5 11. b4 Ncd7 12. Kf2 Nb6 13. Bb3 Ke7 14. Na4 Nxa4 15. Bxa4 a5 16. b5 cxb5 17. Bxb5 Be6 18. c4 Rac8 19. Rab1 Rhd8 20. Ke3 Nd7 21. Rhc1 Nc5 22. Rd1 g5 23. Nc3 h5 24. Rxd8 Rxd8 25. Nd5+ Bxd5 26. cxd5 f5 27. Bc4 f4+ 28. Ke2 Rd6 29. Rb5 b6 30. Rb1 Na4 31. Kd2 g4 32. Bb5 Nc5 33. Bc6 gxf3 34. gxf3 Ne6 35. Rxb6 Nd4 36. Kc3 Nxf3 37. Rb7+ Kf8 38. Rh7 Nd4 39. Rxh5 Nxc6 40. dxc6 Rxc6+ 41. Kd3 Rc5 42. Rh7 Rc6 43. Rh5 Re6 44. Rf5+ Ke7 45. Ke2 Kd6 46. h4 Rg6 47. h5 Rg2+ 48. Kf3 Rg3+ 49. Kf2 Rh3 50. Rg5 a4 51. Kg2 Rh4 52. Kf3 Rh2 53. Rg6+ Kc5 54. Kg4 Kd4 55. Ra6 Kxe4 56. Rxa4+ Ke3 57. Ra3+ Ke4 58. Ra4+ Kd5 59. Ra5+ Ke4 60. Ra4+ Ke3 61. Ra3+ Ke4 62. Ra4+ Kd5 63. Ra5+ Ke4 64. Ra4+ 1/2-1/2

[Event "Moscow Youth U19 2019"]
[Site "Moscow"]
[Date "2019.11.22"]
[Round "5.4"]
[White "Yeritsyan, Aram"]
[Black "Sekoyan, Vachagan"]
[Result "1-0"]
[ECO "B06"]
[WhiteElo "2276"]
[BlackElo "2084"]
[Annotator "NA"]
[PlyCount "53"]
[EventDate "2019.11.18"]
[EventType "swiss"]
[EventCountry "RUS"]
[SourceTitle "playchess.com"]
[Source "ChessBase"]
[SourceQuality "1"]
[TimeControl "5400+30"]

1. e4 g6 2. d4 Bg7 3. Nc3 d6 4. Be2 a6 5. h4 h5 6. Nf3 b5 7. Be3 Nd7 8. Ng5 Bb7 9. Qd2 Ngf6 10. f3 c5 11. dxc5 dxc5 12. Bf4 e5 13. Bg3 Qe7 14. a4 b4 15. Nd1 a5 16. Ne3 Nb6 17. Bb5+ Nfd7 18. O-O-O O-O-O 19. Nd5 Nxd5 20. exd5 Bh6 21. f4 f6 22. Ne6 Rde8 23. Kb1 Rh7 24. Qf2 Qd6 25. fxe5 fxe5 26. Qe2 Bf4 27. Nxf4 1-0

[Event "Moscow Youth U19 2019"]
[Site "Moscow"]
[Date "2019.11.22"]
[Round "5.5"]
[White "Orlov, Aleksandr"]
[Black "Usov, Aleksandr E."]
[Result "*"]
[ECO "D10"]
[WhiteElo "1965"]
[BlackElo "1930"]
[Annotator "NA"]
[PlyCount "89"]
[EventDate "2019.11.18"]
[EventType "swiss"]
[EventCountry "RUS"]
[SourceTitle "playchess.com"]
[Source "ChessBase"]
[SourceQuality "1"]
[TimeControl "5400+30"]

1. d4 d5 2. c4 c6 3. Nc3 Nf6 4. e3 Bg4 5. Qb3 Qd7 (5... Qb6 6. h3 Bf5 7. g4 Qxb3 8. axb3 Bc2 9. g5 Nfd7 10. cxd5 Bxb3 11. Bg2 Nb6 12. dxc6 Nxc6 13. Nf3 {½-½ (66) Potkin,V (2671)-Vallejo Pons,F (2716) Germany 2011}) 6. cxd5 {[%emt 0:01:33] D10: Slav Defence: 3 cxd5 (without early Nf3) and 3 Nc3} cxd5 7. Bd3 Nc6 8. f3 $146 ({Predecessor:} 8. Nge2 e6 9. O-O Rc8 10. Rd1 Be7 11. f3 Bh5 12. Nf4 Bg6 13. Nxg6 hxg6 {1-0 (58) Eranyan,K-Galopoulos,P Urgup 2004}) 8... Bh5 9. Nge2 e6 10. O-O Bg6 11. Nf4 Bd6 12. Nce2 Bxd3 13. Nxd3 e5 14. dxe5 Nxe5 15. Ndf4 O-O 16. Nc3 Nc4 17. Rd1 Bxf4 18. exf4 Qc6 19. Qb5 Rfe8 20. Qxc6 bxc6 21. b3 Nd6 22. Bb2 Rab8 23. Na4 Nd7 24. Rac1 Rbc8 25. Kf2 f6 26. Rc2 Nb6 27. Nc5 Nf5 28. Bd4 Kf7 29. a4 Re7 30. g4 Nxd4 31. Rxd4 Nd7 $18 (31... h5 $14) 32. Nb7 Kf8 33. Nd6 Rd8 34. Rxc6 Nb8 35. Rc8 Rxc8 36. Nxc8 Rd7 37. Rd1 Ke8 38. b4 d4 39. Ke2 Kd8 40. Rc1 d3+ 41. Kd2 Na6 42. b5 Nb4 43. b6 axb6 44. Nxb6 Rb7 45. a5 *

[Event "Moscow Youth U19 2019"]
[Site "Moscow"]
[Date "2019.11.22"]
[Round "5.5"]
[White "Snegovsky-Orlov, Alexandr"]
[Black "Uskov, Alexandr A."]
[Result "1/2-1/2"]
[ECO "D10"]
[WhiteElo "1736"]
[BlackElo "1893"]
[Annotator "NA"]
[PlyCount "163"]
[EventDate "2019.11.18"]
[EventType "swiss"]
[EventCountry "RUS"]
[SourceTitle "playchess.com"]
[Source "ChessBase"]
[SourceQuality "1"]
[TimeControl "5400+30"]

1. d4 d5 2. c4 c6 3. Nc3 Nf6 4. e3 Bg4 5. Qb3 Qd7 6. cxd5 cxd5 7. Bd3 Nc6 8. f3 Bh5 9. Nge2 e6 10. O-O Bg6 11. Nf4 Bd6 12. Nce2 Bxd3 13. Nxd3 e5 14. dxe5 Nxe5 15. Ndf4 O-O 16. Nc3 Nc4 17. Rd1 Bxf4 18. exf4 Qc6 19. Qb5 Rfe8 20. Qxc6 bxc6 21. b3 Nd6 22. Bb2 Rab8 23. Na4 Nd7 24. Rac1 Rbc8 25. Kf2 f6 26. Rc2 Nb6 27. Nc5 Nf5 28. Bd4 Kf7 29. a4 Re7 30. g4 Nxd4 31. Rxd4 Nd7 32. Nb7 Kf8 33. Nd6 Rd8 34. Rxc6 Nb8 35. Rc8 Rxc8 36. Nxc8 Rd7 37. Rd1 Ke8 38. b4 d4 39. Ke2 Kd8 40. Rc1 d3+ 41. Kd2 Na6 42. b5 Nb4 43. b6 axb6 44. Nxb6 Rb7 45. a5 Rc7 46. Rxc7 Kxc7 47. Nc4 Kc6 48. Nb2 Kb5 49. Nxd3 Nc6 50. a6 Kxa6 51. Nc5+ Kb5 52. Ne6 g6 53. Nf8 Ne7 54. Nxh7 Nd5 55. h4 Kc5 56. f5 gxf5 57. Nf8 fxg4 58. fxg4 Kd6 59. Ng6 Ke6 60. h5 Kf7 61. Kd3 Nc7 62. Nf4 Na6 63. Ke4 Nb4 64. Nd5 Nc6 65. Kf4 Nd4 66. Ne3 Nc6 67. Nf5 Ne5 68. Nd6+ Ke6 69. Nf5 Kf7 70. Nh4 Nc6 71. Nf3 Ne7 72. Nd4 Nd5+ 73. Ke4 Nc3+ 74. Kf5 Nd5 75. Nb5 Ne7+ 76. Kf4 Ke6 77. Nc7+ Kd7 78. h6 Kxc7 79. g5 Kd6 80. gxf6 Ng6+ 81. Kf5 Nf8 82. Ke4 {[%emt 0:01:10] Ke5+} 1/2-1/2